 Dungeon Crawl Stone Soup version 0.22-a0-769-g178e55541d (webtiles) character file.

102 Faustar the Chopper (level 4, -3/39 HPs)
             Began as a Hill Orc Monk on July 17, 2018.
             Slain by a slave (5 damage)
             ... led by Pikel
             ... on level 3 of the Dungeon.
             The game lasted 00:04:03 (3855 turns).

Faustar the Chopper (Hill Orc Monk)                 Turns: 3855, Time: 00:04:04

Health: -3/39      AC:  6    Str: 14    XL:     4   Next: 77%
Magic:  4/4        EV: 10    Int: 10    God:
Gold:   157        SH:  0    Dex: 16    Spells: 3/3 levels left

rFire    . . .     SeeInvis .   a - +0 hand axe
rCold    . . .     Gourm    .   (no shield)
rNeg     . . .     Faith    .   u - +0 scale mail
rPois    .         Spirit   .   (no helmet)
rElec    .         Reflect  .   (no cloak)
rCorr    .         Harm     .   (no gloves)
MR       +....                  (no boots)
Stlth    +.........             (no amulet)
HPRegen  0.13/turn              j - +3 ring of dexterity
MPRegen  0.09/turn              v - ring of protection from magic

@: no status effects
A: no striking features
a: no special abilities


You were on level 3 of the Dungeon.
You were not hungry.

You visited 1 branch of the dungeon, and saw 4 of its levels.

You collected 157 gold pieces.

Inventory:

Hand Weapons
 a - a +0 hand axe (weapon)
Armour
 b - a +0 robe
 m - a +0 ring mail
 u - a +0 scale mail (worn)
Jewellery
 j - a +3 ring of dexterity (left hand)
 v - a ring of protection from magic (right hand)
Scrolls
 d - 2 scrolls of magic mapping {unknown}
 e - a scroll of immolation {unknown}
 f - 5 scrolls of identify {unknown}
 g - a scroll of random uselessness {unknown}
 n - a scroll of remove curse {unknown}
 p - 2 scrolls of teleportation {unknown}
 q - a scroll of amnesia {unknown}
Potions
 h - a potion of haste {unknown}
 i - a potion of heal wounds {unknown}
 k - a potion of agility {unknown}
 l - 3 potions of curing {unknown}
 o - a potion of resistance {unknown}
 r - a potion of ambrosia {unknown}
 s - a potion of might {unknown}
 t - a potion of lignification {unknown}
Comestibles
 c - 4 rations


   Skills:
 - Level 3.6 Fighting
 + Level 7.1 Axes
 - Level 2.4 Dodging
 - Level 1.5 Stealth


You had 3 spell levels left.
You didn't know any spells.
Your spell library was empty.

Dungeon Overview and Level Annotations

Branches:
Dungeon (4/15)
 Temple: D:4-7

Altars:

Annotations:
D:3 1 runed door


Message History

There is a stone staircase leading down here.
You aren't carrying any items that you can evoke.
Unknown command.
You hit the slave.
The slave is almost dead.
You completely miss the slave.
The slave is almost dead.
The slave hits you.
* * * LOW HITPOINT WARNING * * *
You hit the slave.
The slave is almost dead.
The slave barely misses you.
You barely miss the slave.
The slave is almost dead.
The slave hits you.
* * * LOW HITPOINT WARNING * * *
You closely miss the slave.
The slave is almost dead.
The slave hits you.
You die...

####.......## ##.##
.##.........####...##
..'.........'.......#
.##.........#.##....#
.###.......##.###.#.##
.# ##.....###.# #...(#
.# ##...## #.# ###..#
.# ##'## #.#####..#
#######.# #.>p@....#
.....##.## ########.#
.........# #.#
.###.#...## #.# .#
#......######## #.# .#
#.#..........(# #.# .#
#..........##.###.# .#
#####..###........# .#
#..######.#####


You could see a slave.

Vanquished Creatures
  3 gnolls
  An adder (D:2)
  A worm (D:2)
  2 dart slugs (D:1)
  2 leopard geckos
  4 giant cockroaches
  9 goblins
  9 hobgoblins
  5 kobolds
  A quokka (D:2)
  4 bats
  4 frilled lizards
  6 rats
51 creatures vanquished.

Notes
Turn   | Place    | Note
-------+----------+-------------------------------------------
     0 | D:1      | Faustar the Hill Orc Monk began the quest for the Orb.
     0 | D:1      | Reached XP level 1. HP: 19/19 MP: 1/1
   329 | D:1      | Reached XP level 2. HP: 8/26 MP: 2/2
   688 | D:1      | Reached skill level 5 in Axes
  1412 | D:1      | Reached XP level 3. HP: 26/31 MP: 3/3
  1844 | D:2      | Reached skill level 6 in Axes
  2443 | D:2      | Reached XP level 4. HP: 37/39 MP: 4/4
  2825 | D:3      | Found a runed door.
  3202 | D:3      | Reached skill level 7 in Axes
  3825 | D:4      | Noticed a slave
  3855 | D:3      | Slain by a slave

Vault maps used:
D:1:      scummos_arrival_forest
D:3:      minmay_misc_feat_rugged, minmay_cupped, uniq_crazy_yiuf_cottage
D:4:      lemuel_zombie_altar_kikubaaqudgha, grunt_tough_drop, uniq_pikel,
          uniq_ijyb

Skill      XL: |  1  2  3  4 |
---------------+-------------+-----
Axes           | 5 6 7 |  7.1
Fighting       | |  3.6
Dodging        | |  2.4
Stealth        | |  1.5

Action                   |  1- 3 |  4- 6 || total
-------------------------+-------+-------++-------
Melee: Hand axe          |   134 |    74 ||   208
 Stab: Sleeping          |     2 |       ||     2
  Eat: Chunk             |     5 |     4 ||     9
Armor: Robe              |    11 |       ||    11
       Ring mail         |    16 |     2 ||    18
       Scale mail        |       |    20 ||    20
Dodge: Dodged            |    67 |    43 ||   110

Table legend:
 A = Spawn XP
 B = Non-spawn XP
 C = Spawn XP percentage of total XP
 D = Spawn monster count
 E = Non-spawn monster count
 F = Spawn count percentage of total count
 G = Total turns spent on level
                    A         B        C        D         E        F      G
               +---------+---------+-------+---------+---------+-------+---------
         Total |       0 |     146 |   0.0 |       0 |      51 |   0.0 |  3855
               +---------+---------+-------+---------+---------+-------+---------
           D:1 |       0 |      41 |   0.0 |       0 |      22 |   0.0 |  1584
           D:2 |       0 |      74 |   0.0 |       0 |      17 |   0.0 |  1132
           D:3 |       0 |      31 |   0.0 |       0 |      12 |   0.0 |  1107
               +---------+---------+-------+---------+---------+-------+---------
